 Dungeon Crawl Stone Soup version 0.27-a0-1384-g1422d76b99 (webtiles) character file.

Game seed: 10922830671729229194

268 robertstho the Chopper (level 6, -2/53 HPs)
             Began as a Gnoll Berserker on June 30, 2021.
             Was a Priest of Trog.
             Slain by Grinder (5 damage)
             ... on level 4 of the Dungeon.
             The game lasted 00:04:05 (3957 turns).

robertstho the Chopper (Gnoll Berserker)            Turns: 3957, Time: 00:04:06

Health: -2/53      AC: 10    Str: 18    XL:     6   Next: 21%
Magic:  8/8        EV:  9    Int:  6    God:    Trog [***...]
Gold:   74         SH:  0    Dex: 12    Spells: 8/8 levels left

rFire    . . .     SeeInvis +   a - +0 hand axe
rCold    . . .     Faith    .   (no shield)
rNeg     . . .     Spirit   .   e - +1 chain mail
rPois    .         Reflect  .   (no helmet)
rElec    .         Harm     .   (no cloak)
rCorr    .         Rampage  .   (no gloves)
Will     +++..                  (no boots)
Stlth    ..........             (no amulet)
HPRegen  1.17/turn              p - ring of willpower
MPRegen  0.11/turn              t - ring of see invisible

@: about to teleport, strong-willed, on berserk cooldown, regenerating, slowed,
very slow
A: fangs 1, strong nose, distributed training
a: Renounce Religion, Berserk, Trog's Hand


You were on level 4 of the Dungeon.
You worshipped Trog.
Trog was most pleased with you.
You visited 1 branch of the dungeon, and saw 4 of its levels.

You collected 128 gold pieces.
You spent 54 gold pieces at shops.

Inventory:

Hand Weapons
 a - a +0 hand axe (weapon)
Armour
 e - a +1 chain mail (worn)
Jewellery
 p - a ring of willpower (left hand)
 t - a ring of see invisible (right hand)
Scrolls
 b - a scroll of fog {unknown}
 c - a scroll of teleportation
 f - a scroll of vulnerability {unknown}
 g - a scroll of amnesia {unknown}
 j - a scroll of blinking {unknown}
 k - 4 scrolls of magic mapping
 m - a scroll of silence {unknown}
 n - a scroll of enchant armour
 o - a scroll of identify
 s - a scroll of enchant weapon {unknown}
Potions
 d - a potion of attraction
 i - a potion of berserk rage {unknown}
 l - a potion of brilliance {unknown}
 q - a potion of magic {unknown}
 r - a potion of haste {unknown}


   Skills:
 + Level 6.8 Fighting
 + Level 1.8 Short Blades
 + Level 1.8 Long Blades
 + Level 6.8 Axes
 + Level 1.8 Maces & Flails
 + Level 1.8 Polearms
 + Level 1.8 Staves
 + Level 1.8 Slings
 + Level 1.8 Bows
 + Level 1.8 Crossbows
 + Level 1.8 Throwing
 + Level 4.9 Armour
 + Level 4.9 Dodging
 + Level 1.8 Stealth
 + Level 1.8 Shields
 + Level 1.8 Unarmed Combat
 + Level 1.8 Spellcasting
 + Level 1.4 Conjurations
 + Level 1.4 Hexes
 + Level 1.4 Summonings
 + Level 1.4 Necromancy
 + Level 1.4 Translocations
 + Level 1.4 Transmutations
 + Level 1.4 Fire Magic
 + Level 1.4 Ice Magic
 + Level 1.4 Air Magic
 + Level 1.4 Earth Magic
 + Level 1.4 Poison Magic
 + Level 2.0 Invocations
 + Level 1.8 Evocations


You had 8 spell levels left.
You didn't know any spells.
Your spell library was empty.

Dungeon Overview and Level Annotations

Branches:
Dungeon (4/15)
 Temple: D:4-7

Altars:

Shops:
D:3 *

Annotations:
D:4 Grinder


Innate Abilities, Weirdness & Mutations

You have very sharp teeth.
Your uncanny sense of smell can sniff out nearby items.
Your experience applies equally to all skills.


Message History

You barely miss Grinder.
Grinder blinks!
A red film seems to cover your vision as you go berserk!
You feel yourself moving faster!
You feel mighty!
You feel a strong urge to attack something.
Items here: ( )) †.
You feel your anger nearly subside.
You slash Grinder!
Grinder is moderately wounded.
You are no longer berserk.
You are exhausted.
You feel yourself slow down. Grinder gestures at you.
You suddenly lose the ability to move!
Grinder hits you. x2
You writhe in agony.
Grinder hits you!
You writhe in agony.
Grinder hits you.
You writhe in agony.
* * * LOW HITPOINT WARNING * * *
Grinder hits you.
* * * LOW HITPOINT WARNING * * *
You writhe in agony.
* * * LOW HITPOINT WARNING * * *
You can move again.
It was a potion of curing.
You feel better. Grinder gestures at you. You resist with almost no effort.
Grinder hits you but does no damage.
You feel better. Grinder hits you.
* * * LOW HITPOINT WARNING * * *
Your skin crawls.
You feel strong-willed. Grinder closely misses you. Grinder hits you.
* * * LOW HITPOINT WARNING * * *
You writhe in agony.
* * * LOW HITPOINT WARNING * * *
As you read the scroll labelled MIXZEU HO LUHACO, it crumbles to dust.
You feel strangely unstable.
It was a scroll of teleportation.
Grinder hits you.
* * * LOW HITPOINT WARNING * * *
You writhe in agony.
You die...

### #.### ## #.... #.
## ∆#.##. #(# .. #.#..
###.#######.######
#.###
#...........#....# #.#
#......@5...#.##.# #.#
#...........#.##.###.#
#....)../...#.##>....#
#....†......#.##.....#
###.#########.##.....#
#.# #.##.....# #.#
#.##.....### #.#
#.##........ ###.#####
#..#.###....


You could see Grinder.

Vanquished Creatures
  An orc priest (D:3)
  A centaur skeleton (D:4)
  An iguana (D:4)
  A hound skeleton (D:4)
  4 gnolls (D:2)
  3 adders
  2 worms
  2 dart slugs
  5 orcs
  10 ball pythons
  5 endoplasms
  2 giant cockroaches
  7 goblins
  11 hobgoblins
  12 kobolds
  4 quokkas
  9 bats
  2 frilled lizards
  A quokka skeleton (D:4)
  6 rats
89 creatures vanquished.

Notes
Turn   | Place    | Note
-------+----------+-------------------------------------------
     0 | D:1      | robertstho the Gnoll Berserker began the quest for the Orb.
     0 | D:1      | Reached XP level 1. HP: 23/23 MP: 1/1
   368 | D:1      | Reached XP level 2. HP: 21/29 MP: 2/2
   902 | D:1      | Reached XP level 3. HP: 35/35 MP: 3/3
  1220 | D:2      | Reached ** piety under Trog
  1221 | D:2      | Reached skill level 1 in Invocations
  1576 | D:2      | Reached skill level 1 in Short Blades
  1576 | D:2      | Reached skill level 1 in Long Blades
  1576 | D:2      | Reached skill level 1 in Maces & Flails
  1576 | D:2      | Reached skill level 1 in Polearms
  1576 | D:2      | Reached skill level 1 in Staves
  1576 | D:2      | Reached skill level 1 in Slings
  1576 | D:2      | Reached skill level 1 in Bows
  1576 | D:2      | Reached skill level 1 in Crossbows
  1576 | D:2      | Reached skill level 1 in Throwing
  1576 | D:2      | Reached skill level 1 in Stealth
  1576 | D:2      | Reached skill level 1 in Shields
  1576 | D:2      | Reached skill level 1 in Unarmed Combat
  1576 | D:2      | Reached skill level 1 in Spellcasting
  1576 | D:2      | Reached skill level 1 in Evocations
  1597 | D:2      | Reached XP level 4. HP: 39/41 MP: 5/5
  1607 | D:2      | Reached skill level 1 in Conjurations
  1607 | D:2      | Reached skill level 1 in Hexes
  1607 | D:2      | Reached skill level 1 in Summonings
  1607 | D:2      | Reached skill level 1 in Necromancy
  1607 | D:2      | Reached skill level 1 in Translocations
  1607 | D:2      | Reached skill level 1 in Transmutations
  1607 | D:2      | Reached skill level 1 in Fire Magic
  1607 | D:2      | Reached skill level 1 in Ice Magic
  1607 | D:2      | Reached skill level 1 in Air Magic
  1607 | D:2      | Reached skill level 1 in Earth Magic
  1607 | D:2      | Reached skill level 1 in Poison Magic
  1923 | D:3      | Found Ytzoid's Assorted Antiques.
  1929 | D:3      | Bought a scroll of identify for 54 gold pieces
  2113 | D:3      | Reached XP level 5. HP: 46/47 MP: 6/6
  2391 | D:3      | Reached *** piety under Trog
  3419 | D:4      | Reached XP level 6. HP: 50/53 MP: 8/8
  3934 | D:4      | Noticed Grinder
  3948 | D:4      | Paralysed by Grinder for 5 turns
  3957 | D:4      | Slain by Grinder

Illustrated notes

Levels and vault maps discovered:
D:1:      amcnicky_arrival_wind_blow, layout_basic
D:2:      minmay_wonky_spiral, layout_rooms, minmay_tetromino_l4
D:3:      layout_loops_ring, serial_shops, shop, kennysheep_generic_room_6
D:4:      layout_basic, chequers_serial_rivers_small_a, uniq_grinder

Skill      XL: |  1  2  3  4  5 |
---------------+----------------+-----
Invocations    | 1 2 |  2.0
Short Blades   | 1 |  1.8
Long Blades    | 1 |  1.8
Maces & Flails | 1 |  1.8
Polearms       | 1 |  1.8
Staves         | 1 |  1.8
Slings         | 1 |  1.8
Bows           | 1 |  1.8
Crossbows      | 1 |  1.8
Throwing       | 1 |  1.8
Stealth        | 1 |  1.8
Shields        | 1 |  1.8
Unarmed Combat | 1 |  1.8
Spellcasting   | 1 |  1.8
Evocations     | 1 |  1.8
Conjurations   | 1 |  1.4
Hexes          | 1 |  1.4
Summonings     | 1 |  1.4
Necromancy     | 1 |  1.4
Translocations | 1 |  1.4
Transmutations | 1 |  1.4
Fire Magic     | 1 |  1.4
Ice Magic      | 1 |  1.4
Air Magic      | 1 |  1.4
Earth Magic    | 1 |  1.4
Poison Magic   | 1 |  1.4
Fighting       | |  6.8
Axes           | |  6.8
Armour         | |  4.9
Dodging        | |  4.9

Action                   |  1- 3 |  4- 6 || total
-------------------------+-------+-------++-------
Melee: Hand axe          |   124 |   167 ||   291
       Bite              |     5 |    14 ||    19
       Punch             |     1 |     3 ||     4
Invok: Berserk           |       |     3 ||     3
       Trog's Hand       |       |     1 ||     1
  Use: Scroll            |     2 |     2 ||     4
       Potion            |       |     2 ||     2
Armor: Animal skin       |     4 |       ||     4
       Chain mail        |    59 |    92 ||   151
Dodge: Dodged            |    70 |    62 ||   132

Table legend: (Time is in decaauts)
 A = Elapsed time spent in this place.
 B = Non-inter-level travel time spent in this place.
 C = Inter-level travel time spent in this place.
 D = Time resting spent in this place.
 E = Time spent auto-exploring this place.
 F = Levels seen in this place.
 G = Mean time per level.
                   A        B        C        D        E       F      G
               +--------+--------+--------+--------+--------+-----+--------+
         Total |   3968 |   3815 |    153 |      0 |   3237 |   4 |  992.0 |
       Dungeon |   3968 |   3815 |    153 |      0 |   3237 |   4 |  992.0 |
               +--------+--------+--------+--------+--------+-----+--------+

Top non-repeatable levels by time:
     D:3: 1202 daAuts
     D:1: 1008 daAuts
     D:4: 986 daAuts
     D:2: 770 daAuts
